AoeStats
← RCL Belier

Arena

507971642Analyzed
1v1 RM · 12d ago on Sep 20, 2026· 31m 18s· 2 players
Game mode
Random Map
Map size
Tiny (2 player)
Population
200
Speed
Normal
Resources
Standard
Victory
Conquest
Starting age
Dark Age
Ending age
Imperial Age
RankedLock teamsTeams togetherTeam positionsShared explorationLock speedFull tech treeHidden civsTurbo modeCheats
Victory
Defeat
🇨🇳 Bohemians · China
1102
+15
🇫🇷 Malians · France
1082
-15
RCL Belier
17:43 Feudal Age
18:22 Horse Collar
18:30 Double-Bit Axe
19:44 Wheelbarrow
24:25 Castle Age
22:31 Stone Mining
22:39 Double-Bit Axe
25:35 Hand Cart
25:07 Town Watch
25:29 Heavy Plow
25:42 Bow Saw
29:15 Gold Mining
1438537544
9:15 Loom
11:00 Feudal Age
16:35 Castle Age
17:06 Double-Bit Axe
17:18 Horse Collar
17:57 Bow Saw
25:00 Wheelbarrow
26:04 Hand Cart
29:40 Imperial Age
29:59 Chemistry
Connection lost

Rejoining the realm…

Still unreachable

The connection could not be restored.

Session expired

The server has moved on; the page needs a fresh start.